 Dungeon Crawl Stone Soup version 0.21-a0 (webtiles) character file.

113 Kriby the Conjurer (level 4, 0/28 HPs)
             Began as an Octopode Wizard on May 20, 2017.
             Succumbed to an adder's poison
             ... on level 2 of the Dungeon.
             The game lasted 00:02:46 (2827 turns).

Kriby the Conjurer (Octopode Wizard)                Turns: 2827, Time: 00:02:46

Health: 0/28       AC:  1    Str:  6    XL:     4   Next: 96%
Magic:  2/9        EV: 13    Int: 26    God:
Gold:   88         SH:  0    Dex: 10    Spells: 5/10 levels left

rFire    . . .     SeeInvis .   e - +0 mace
rCold    . . .     Gourm    .   (no shield)
rNeg     . . .     Faith    .   a - +0 hat
rPois    .         Spirit   .   (no amulet)
rElec    .         Reflect  .   (no ring)
rCorr    .         Harm     .   (no ring)
MR       .....                  (no ring)
Stlth    +++.......             (no ring)
Regen    0.1/turn               (no ring)
MPRegen  0.2/turn               (no ring)
                                (no ring)
                                (no ring)

@: brilliant, lethally poisoned (0 -> -6), very slightly contaminated
A: almost no armour, stealthy swim, amphibious, 8 rings, constrict 8, camouflage
1, gelatinous body 1
a: no special abilities


You were on level 2 of the Dungeon.
You were not hungry.

You visited 1 branch of the dungeon, and saw 3 of its levels.

You collected 88 gold pieces.

Inventory:

Hand Weapons
 e - a +0 mace (weapon)
Armour
 a - a +0 hat (worn)
Scrolls
 l - 2 scrolls of identify
 o - a scroll of remove curse
Books
 b - a book of Minor Magic

   Spells                             Type                      Level
   a - Magic Dart                     Conjuration                  1
   b - Blink                          Translocation                2
   c - Call Imp                       Summoning                    2
   d - Slow                           Hexes                        2
   e - Conjure Flame                  Conjuration/Fire             3
   f - Mephitic Cloud                 Conjuration/Poison/Air       3
Comestibles
 c - a bread ration
 j - a royal jelly
 k - 3 meat rations


   Skills:
 + Level 1.1 Fighting
 - Level 2.0 Dodging
 - Level 2.6 Stealth
 + Level 3.5 Spellcasting
 * Level 3.7 Conjurations
 - Level 1.0 Summonings
 - Level 1.0 Translocations


You had 5 spell levels left.
You knew the following spells:

 Your Spells              Type           Power        Failure   Level  Hunger
a - Magic Dart            Conj           ####         1%          1    None
c - Call Imp              Summ           ####....     1%          2    #......
T - Blink                 Tloc           N/A          1%          2    #......


Dungeon Overview and Level Annotations

Branches:
Dungeon (3/15)

Altars:


Innate Abilities, Weirdness & Mutations

You cannot wear most types of armour.
You are very stealthy in the water. (Stealth+)
You are amphibious.
You can wear up to eight rings at the same time.
You can use your tentacles to constrict eight enemies at once.
Your skin changes colour to match your surroundings (Stealth+).
Your rubbery body absorbs attacks. (AC +1, EV +1)


Message History

As you read the scroll labeled JOTOMILOUS, it crumbles to dust.
It was a scroll of blinking.
As you read the scroll labeled REQUQ GUDESUY, it crumbles to dust.
The scroll dissolves into smoke.
It was a scroll of fog.
* * * LOW HITPOINT WARNING * * *
You feel sick.
As you read the scroll labeled KIUBBA WULYGH, it crumbles to dust.
It is a scroll of identify.
o - a scroll of remove curse
* * * LOW HITPOINT WARNING * * *
You feel sick. None of your equipped items are cursed.
As you read the scroll labeled HOHUPLUOHI, it crumbles to dust.
You feel strangely unstable.
It was a scroll of teleportation.
* * * LOW HITPOINT WARNING * * *
You feel sick.
* * * LOW HITPOINT WARNING * * *
You feel sick.
Your surroundings suddenly seem different.
You die...

######.#.## #.....# #.###.#.
.......#..# #.....# #.......
#########.#### #.....# #####)##
#...#........#####.....#######...
.................'.....'...(....>
#.#.#.#.##...###.#.....#########.
#.....#..........#.....# #.
###.#######..##..#.....# #.
....#######..##.@#.....# #.
........).#..##..#.....# #.
.......##.#......####### #.
.......##.##.###.# ##
..[....##.....##.#
.......#####..##.# .......#
#...#.# .......# #.#.#.# #'####.#
#.#.#.#


There were no monsters in sight!

Vanquished Creatures
  5 adders (D:2)
  3 worms (D:2)
  3 dart slugs (D:1)
  A leopard gecko (D:1)
  A ball python (D:2)
  3 bats (D:1)
  3 giant cockroaches
  4 goblins
  2 hobgoblins
  3 jackals (D:2)
  7 frilled lizards
  3 kobolds
  5 rats
43 creatures vanquished.

Vanquished Creatures (collateral kills)
  Terence (D:2)
1 creature vanquished.

Grand Total: 44 creatures vanquished

Notes
Turn   | Place    | Note
-------+----------+-------------------------------------------
     0 | D:1      | Kriby the Octopode Wizard began the quest for the Orb.
     0 | D:1      | Reached XP level 1. HP: 11/11 MP: 4/4
   244 | D:1      | Reached XP level 2. HP: 8/17 MP: 0/6
   656 | D:1      | Learned a level 2 spell: Blink
   659 | D:1      | Learned a level 2 spell: Call Imp
  1095 | D:1      | Reached XP level 3. HP: 21/21 MP: 5/7
  1986 | D:2      | Reached XP level 4. HP: 25/27 MP: 5/9
  2181 | D:2      | Reached skill level 1 in Fighting
  2453 | D:2      | Noticed Terence
  2466 | D:2      | Killed Terence
  2826 | D:2      | HP: 1/28 [poisoned by an adder]
  2827 | D:2      | Succumbed to an adder's poison

Vault maps used:
D:1:      dpeg_arrival_boxes_within_box, hex_intersection, minmay_heptomino_d4
D:2:      grunt_ministairs_10, uniq_terence

Skill      XL: |  1  2  3  4 |
---------------+-------------+-----
Conjurations   | 2 3 |  3.7
Fighting       | 1 |  1.1
Dodging        | |  2.0
Stealth        | |  2.6
Spellcasting   | |  3.5
Summonings     | |  1.0
Translocations | |  1.0

Action                   |  1- 3 |  4- 6 || total
-------------------------+-------+-------++-------
Melee: Mace              |    13 |    22 ||    35
       Constrict         |     2 |     4 ||     6
       Tentacles         |       |     2 ||     2
 Cast: Magic Dart        |    68 |    32 ||   100
       Call Imp          |       |     2 ||     2
       Blink             |       |     1 ||     1
  Use: Scroll            |       |     6 ||     6
       Potion            |       |     2 ||     2
  Eat: Chunk             |     3 |     3 ||     6
Armor: Skin              |     1 |     6 ||     7
Dodge: Dodged            |    14 |    33 ||    47
